 Dungeon Crawl Stone Soup version 0.22.1-2-g9c5b331383 (webtiles) character file.

30 Naow the Shield-Bearer (level 3, -12/29 HPs)
             Began as a Formicid Fighter on Dec 1, 2018.
             Killed by nerve-wracking pain
             ... invoked by Grinder
              (14 damage)
             ... on level 3 of the Dungeon.
             The game lasted 00:01:04 (710 turns).

Naow the Shield-Bearer (Formicid Fighter)            Turns: 710, Time: 00:01:05

Health: -12/29     AC:  6    Str: 21    XL:     3   Next: 35%
Magic:  3/3        EV:  7    Int:  7    God:
Gold:   64         SH:  9    Dex: 10    Spells: 2/2 levels left

rFire    . . .     SeeInvis +   a - +0 war axe
rCold    . . .     Gourm    .   c - +0 shield
rNeg     . . .     Faith    .   b - +0 scale mail
rPois    .         Spirit   .   (helmet unavailable)
rElec    .         Reflect  .   i - scarf {cloud immunity}
rCorr    .         Harm     .   (no gloves)
MR       .....                  (no boots)
Stlth    ..........             (no amulet)
HPRegen  0.09/turn              (no ring)
MPRegen  0.08/turn              (no ring)

@: no status effects
A: permanent stasis, dig shafts and tunnels, four strong arms, antennae 3
a: Dig, Shaft Self


You were on level 3 of the Dungeon.
You were not hungry.

You visited 1 branch of the dungeon, and saw 3 of its levels.

You collected 64 gold pieces.

Inventory:

Hand Weapons
 a - a +0 war axe (weapon)
Armour
 b - a +0 scale mail (worn)
 c - a +0 shield (worn)
 i - a scarf of cloud immunity (worn)
Scrolls
 e - 2 scrolls of identify {unknown}
 g - a scroll of remove curse {unknown}
 h - a scroll of noise {unknown}
Potions
 d - a potion of might
 j - a potion of berserk rage {unknown}
 k - a potion of heal wounds {unknown}
Comestibles
 f - 2 rations


   Skills:
 - Level 3.2 Fighting
 + Level 3.5 Axes
 - Level 3.2 Armour
 - Level 3.6 Shields


You had 2 spell levels left.
You didn't know any spells.
Your spell library was empty.

Dungeon Overview and Level Annotations

Branches:
Dungeon (2/15)

Altars:

Annotations:
D:3 Grinder


Innate Abilities, Weirdness & Mutations

You cannot be hasted, slowed, berserked, paralysed or teleported.
You can dig through walls and to a lower floor.
Your four strong arms can wield two-handed weapons with a shield.
You have a pair of large antennae on your head. (SInv)


Message History

You writhe in agony.
* * * LOW HITPOINT WARNING * * *
The orc closely misses you.
You slash Grinder!
Grinder is heavily wounded.
You block Grinder's attack. You block the orc's attack.
You slash Grinder!
Grinder is almost dead.
Grinder hits you but does no damage. You block the orc's attack.
You closely miss Grinder.
Grinder is almost dead.
Grinder gestures at you.
You barely resist. The orc barely misses you. You block Grinder's attack.
You closely miss Grinder.
Grinder is severely wounded.
The orc hits you from afar with a trident.
* * * LOW HITPOINT WARNING * * *
Grinder gestures at you. Pain shoots through your body!
You die...

#.# #.# #.# ###.#
#.######...#
####+#.#...##...######
#..........('(..'....#
##..........##...####.#
#...............oo..#
#......)....####5##.#
............# #@##.#+#####.
...........## #.#..........
...........#####.#.........#
...........##..............#
.....###.####..............#
..... #.. #..............#
#.### ##. #..............#
################


You could see Grinder and 2 orcs.

Vanquished Creatures
  A dart slug (D:1)
  2 leopard geckos (D:1)
  2 orcs (D:3)
  A bat (D:1)
  2 giant cockroaches (D:1)
  2 goblins
  2 hobgoblins (D:1)
  A quokka (D:2)
  2 frilled lizards (D:1)
  3 kobolds (D:1)
  5 rats (D:1)
  A toadstool (D:1)
24 creatures vanquished.

Vanquished Creatures (others)
  3 toadstools (D:1)
3 creatures vanquished.

Grand Total: 27 creatures vanquished

Notes
Turn   | Place    | Note
-------+----------+-------------------------------------------
     0 | D:1      | Naow the Formicid Fighter began the quest for the Orb.
     0 | D:1      | Reached XP level 1. HP: 18/18 MP: 1/1
   191 | D:1      | Reached XP level 2. HP: 18/24 MP: 2/2
   401 | D:1      | Reached XP level 3. HP: 28/29 MP: 3/3
   660 | D:2      | You fall through a shaft!
   681 | D:3      | Noticed Grinder
   710 | D:3      | Killed from afar by Grinder

Skill      XL: |  1  2 |
---------------+-------+-----
Axes           | 3 |  3.5
Fighting       | |  3.2
Armour         | |  3.2
Shields        | |  3.6

Action                   || total
-------------------------++-------
Melee: War axe           ||    73
Armor: Scale mail        ||    31
Dodge: Dodged            ||    25
Block: Shield            ||    37
